← All builds
Geo / Armada / Economy first / OBSERVED BUILD

Mauser artillery

Geo skips straight to an Advanced Vehicle Plant and fields Mauser artillery from 5:57, much earlier than the role's usual T2 timeline, sometimes with Umbra jammer support, pushing into the middle and occasionally the enemy base.

#artillery #t2 #push · 48 distinct matches · 22 players · 4% of Armada Geo games · team won 57% of 49 · Recently observed

THE CATCH, AND WHAT COMES WITH IT
  • MauserT2 vehicle artillery from 5:57 · 3% of role by thenFrom the Advanced Vehicle Plant. Only 3% of Geo games have it by then; others who build it get it around 8:29
  • Advanced Vehicle PlantAdvanced Vehicle Plant in 71%6% of all Geo games by then
  • Vehicle PlantVehicle Plant in 71%15% of all Geo games by then
  • UmbraJammer in 45%3% of all Geo games by then

Where those units first fight, in 48 games with kill data: in the middle 79%, on their own side 21%.

Those units destroy a typical 3,975 metal of enemy units by 15:00.

Then transitions into Jaguar (24% of army), Starlight (20% of army).

HOW TO PLAY IT

Key timing: Mauser out by 5:58

  1. Open mex and geo like normal, but rush Vehicle Plant by 3:58.
  2. Push straight into Advanced Vehicle Plant well ahead of the norm.
  3. Field Mauser mobile arty from the T2 plant to shell middle early.
  4. Add jammer support to protect the arty push.
  5. Ease into Advanced Geothermal and the usual Starlight/Jaguar transition.

Phase by phase

TYPICAL OF ITS 48 GAMES · AGAINST STANDARD GEO
  1. 1
  2. 2
  3. 3
  4. 4
PLAY THE OPENING

Follow the example game's first 6:58 step by step: what to build now, what comes next, and where it goes. At 1× it keeps pace with your own game.

  1. 1

    Up to the Bot Lab

    Economy
    • Metal Extractor3Mex
    • Wind Turbine3Wind
    Order
    1. Bot LabBot Lab after 3 mex, 3 winddone ~1:13, middle half 0:54–1:21

    By 0:56 in all: 3 mex · 3 wind

    The example game in this phase · 5 steps
    1. Mex ×3
    2. Wind ×4
    3. Energy storage
    4. Wind
    5. Bot LabBot Labdone 1:40 · typical 1:13
  2. 2

    Bot Lab to Vehicle Plant

    Economy
    • Metal Extractor1Mex
    • Wind Turbine2Wind
    • Energy Converter5Converter
    • Energy Storage1Energy storage
    Order
    1. Geothermal PowerplantGeo after 4 mex, 5 wind, 1 energy storage
    2. Vehicle PlantVehicle Plant after 4 mex, 6 wind, 5 converterdone ~4:29, middle half 4:04–6:36
    Builders
    • Construction Turret3 Con turret
    • Lazarus4 Lazarus
    • Construction Bot2 Con bot
    • Construction Bot1 Con bot for allies
    • Lazarus1 Lazarus for allies

    By 4:16 in all: 4 mex · 6 wind · 1 geo · 5 converter · 1 energy storage · 3 con turret

    The example game in this phase · 9 steps
    1. LazarusLazarus ×3
    2. Construction BotCon bot ×2
    3. LazarusLazarus
    4. Con turret
    5. Mex
    6. Con turret ×2
    7. Geothermal PowerplantGeodone 4:00 · typical 3:16
    8. Converter ×2
    9. Vehicle PlantVehicle Plantdone 4:15 · typical 4:29
  3. 3

    Vehicle Plant to T2 vehicle artillery

    Economy
    • Energy Converter2Converter−4 vs standard
    Order
    1. Advanced Vehicle PlantAdvanced Vehicle Plant after 4 mex, 6 wind, 6 converter
    2. MauserT2 vehicle artillery after 4 mex, 7 wind, 8 converter
    Builders
    • Construction Vehicle1 Con vehicle

    The standard build makes here, this one skips: 2 con turret

    By 5:57 in all: 4 mex · 7 wind · 1 geo · 8 converter · 1 energy storage · 3 con turret (standard 6)

    The example game in this phase · 5 steps
    1. Converter
    2. Construction VehicleCon vehicle
    3. Advanced Vehicle PlantAdvanced Vehicle Plantdone 5:16 · typical 5:32
    4. Converter ×2
    5. MauserMauserdone 5:28
  4. 4

    T2 vehicle artillery to 10:00

    Economy
    • Wind Turbine5Wind−2 vs standard
    Builders
    • Construction Turret2 Con turret
    Army
    • Mauser4 Mauser +4 vs standard
    • Prophet1 Radar vehicle

    Some games also: T2 con vehicle (47%) · jammer (45%) · T2 con vehicle for allies (41%) · converter (41%) · Jaguar (39%)

    The standard build makes here, this one skips: 5 converter · 2 Starlight

    By 10:00 in all: 4 mex · 15 wind · 1 geo · 1 Advanced Geothermal Powerplant · 10 converter (standard 16) · 1 energy storage

    The example game in this phase · 171 steps
    1. Converter ×3
    2. MauserMauser
    3. Converter
    4. UmbraJammer
    5. ProphetRadar vehicle
    6. MauserMauser
    7. Con turret
    8. MauserMauser
    9. Advanced Metal ExtractorT2 mex ×2done 7:17 · typical 7:04
    10. Con turret ×2
    11. Advanced Metal ExtractorT2 mex
    12. Con turret ×2
    13. Metal storage
    14. Con turret
    15. Wind ×13
    16. Advanced Geothermal PowerplantAdvanced Geothermal Powerplantdone 9:26 · typical 9:54
    17. Wind ×6
    18. Advanced Metal ExtractorT2 mex
    19. Wind ×11
    20. Experimental GantryExperimental Gantrydone 10:47
    21. Con turret
    22. Wind
    23. Con turret
    24. Wind
    25. Con turret
    26. Wind
    27. Con turret
    28. Wind ×5
    29. MarauderMarauderfor Techdone 11:05
    30. Wind ×3
    31. MarauderMarauderfor Tech
    32. Wind ×5
    33. MarauderMarauderfor Tech
    34. Wind ×5
    35. MarauderMarauderfor Tech
    36. Wind ×4
    37. MarauderMarauderfor Tech
    38. Wind ×2
    39. MarauderMarauderfor Tech
    40. Wind ×8
    41. MarauderMarauderfor Tech
    42. Converter ×4
    43. Wind ×9
    44. Converter
    45. Wind
    46. Converter ×2
    47. MarauderMarauder
    48. Converter
    49. Wind ×5
    50. Converter
    51. Wind ×4
    52. Converter ×2
    53. Wind
    54. Converter
    55. MarauderMarauder
    56. Wind ×4
    57. Converter
    58. Wind
    59. Converter ×3
    60. Wind ×5
    61. Converter
    62. Wind
    63. MarauderMarauder
    64. Wind ×3
    65. Converter
    66. Wind
    67. Converter ×2
    68. Wind ×4
    69. Converter
    70. Wind ×2
    71. Converter
    72. Wind ×3
    73. Converter
    74. MarauderMarauder
    75. Wind
    76. Converter ×2
    77. Wind ×5
    78. Converter ×2
    79. Wind ×3
    80. Converter
    81. Wind
    82. MarauderMarauder
    83. Converter
    84. Wind ×3
    85. Converter
    86. Wind
    87. Converter
    88. Wind ×2
    89. Converter
    90. Wind
    91. Converter
    92. Wind ×3
    93. MarauderMarauder
    94. Converter
    95. Wind ×3
    96. Converter
    97. Wind ×2
    98. Converter
    99. Wind
    100. Converter
    101. Wind
    102. Converter
    103. Wind ×3
    104. MarauderMarauder
    105. Wind ×2
    106. Converter ×2
    107. Wind ×2
    108. Converter
    109. Wind ×2
    110. Converter
    111. Wind ×3
    112. Converter ×2
    113. Wind ×2
    114. MarauderMarauder
    115. Wind
    116. Converter
    117. Wind ×2
    118. Converter
    119. Wind
    120. Converter
    121. Wind ×2
    122. Converter
    123. Wind ×3
    124. MarauderMarauder
    125. Wind
    126. Converter
    127. Wind ×3
    128. Converter ×2
    129. Wind
    130. Converter
    131. Wind ×4
    132. Converter
    133. Wind
    134. Converter
    135. Wind
    136. Converter
    137. Wind
    138. RazorbackRazorbackdone 14:47
    139. Wind
    140. Converter
    141. Wind ×4
    142. Converter
    143. Wind
    144. Converter ×2
    145. Wind ×4
    146. Converter
    147. Wind ×2
    148. Converter
    149. Wind
    150. Converter ×2
    151. Wind ×3
    152. Converter
    153. Wind ×4
    154. Converter ×2
    155. Wind ×2
    156. Converter
    157. Wind
    158. Converter
    159. Wind
    160. Converter
    161. Wind ×3
    162. Converter ×2
    163. Wind ×2
    164. VanguardVanguardnot finished by 15:00
    165. Wind
    166. Converter ×3
    167. Wind ×3
    168. Converter ×2
    169. Wind ×4
    170. Converter
    171. Wind

Counts are medians over the build's games: half of them build more, half fewer. The example game is [FCRD]Tragedy's (36 OS, 15/08/2026); pick another.

Team trades

IN AT LEAST 30% OF ITS GAMES

You hand over

  • Lazarus1 Lazarus to Beach seafirst at 2:15 · in 57% of games
  • Construction Bot1 Con bot to Beach seafirst at 2:46 · in 67% of games
  • Advanced Construction Vehicle2 T2 con vehicle to Front or Suicide frontfirst at 8:43 · in 53% of games

You get

  • Advanced Construction Bot1 T2 con bot from Techfirst at 4:50 · in 45% of games

How it plays out

Typical game of this build against the role’s standard build, running totals by minute

  • This build
  • Standard geo

Metal produced

020k40k
0:005:0010:0015:00

metal

Enemy metal destroyed

05k10k15k
0:005:0010:0015:00

metal

Own metal lost

02.5k5k7.5k
0:005:0010:0015:00

metal

49 games.

Show as table
ByMetal produced: This buildMetal produced: Standard geoEnemy metal destroyed: This buildEnemy metal destroyed: Standard geoOwn metal lost: This buildOwn metal lost: Standard geo
1:003563330000
2:008828250000
3:00155215230000
4:00271827000000
5:00443237260000
6:00636557290000
7:007588813031000
8:0094461145991004221
9:001161214489168451260130
10:0013994174052296565960280
11:001679520377328820741377790
12:0019520233054386394018351940
13:0021833260626056596123703304
14:0024871289888287832134934785
15:002737131497105301017247606196
WHAT THE NUMBERS SAY

Matched the standard build's win rate while destroying more enemy metal and losing much less of its own by 15:00.

  • + Destroyed 10530 enemy metal by 15:00 vs 9875 standard.
  • + Lost only 4760 own metal by 15:00 vs 6281 standard.
  • − Metal production fell behind standard by 15:00 (27371 vs 31426).
THE EXAMPLE YOU ARE READING

[FCRD]Tragedy

36.3 OS · 15/08/2026

Open source match ↗

304 received units · includes a constructor
6531 metal received · 66430 energy received

Allied construction assistance is unknown. Timings are observations, not a promise of solo reproducibility.

Typical milestones

Bot Lab1:13Middle 50%: 0:54–1:21 · n=49
Geothermal Powerplant3:16Middle 50%: 3:00–3:26 · n=49
Vehicle Plant4:29Middle 50%: 4:04–6:36 · n=49
Advanced Vehicle Plant5:32Middle 50%: 5:11–7:27 · n=49
Advanced Metal Extractor7:04Middle 50%: 5:37–8:12 · n=48
Advanced Geothermal Powerplant9:54Middle 50%: 7:00–10:45 · n=37
Starlight11:11Middle 50%: 10:18–12:02 · n=29

Played most by

kbssilks5games of this buildPRO_HYDRA5games of this buildViltrum5games of this build[FCRD]Tragedy3games of this build0neTw03games of this build